Map: Washout LE

Players

Reynor - Winner!

  • Race: Zerg Zerg
  • League: Master
  • Spawn Location: 7:00

HeroMarine

  • Race: Terran Terran
  • Spawn Location: 1:00

Event: HomeStory Cup XXIX

VOD

Have the link to the VOD?

Description

Time

  • Played on: July 3, 2026, 10:07 a.m.
  • Length: 15:53

All games in this series

Show
View Real Time Build Order
Export as new Build Order

Reynor Zerg - Winner!

Build Orders: Hatch First 

Get SALT Encoding   

  8  0:00  Drone  
  9  0:10  Drone  
  10  0:16  Drone  
  11  0:27  Overlord  
  11  0:32  Drone  
  12  0:45  Drone x2  
  14  0:50  Drone  
  15  1:00  Drone  
  16  1:14  Hatchery  
  16  1:16  Drone  
  16  1:20  Drone  
  17  1:30  Drone  
  18  1:34  Extractor  
  18  1:39  Spawning Pool  
  16  1:41  Drone  
  17  1:50  Drone  
  18  1:59  Drone  
  19  2:09  Overlord  
  19  2:25  Queen x2  
  19  2:26  Zergling x2  
  19  2:27  Zergling x2  
  25  2:30  Drone  
  25  2:36  Drone  
  27  2:40  Zergling x2  
  28  2:45  Overlord  
  28  2:51  Metabolic Boost, Drone  
  29  2:56  Drone  
  29  3:02  Drone  
  29  3:05  Queen  
  32  3:08  Drone  
  32  3:10  Drone  
  34  3:26  Hatchery  
  33  3:30  Overlord  
  33  3:33  Drone  
  33  3:34  Drone  
  35  3:36  Drone  
  35  3:38  Drone  
  37  3:41  Drone  
  37  3:42  Drone  
  37  3:48  Drone  
  40  3:49  Overlord  
  40  3:50  Drone  
  40  3:52  Drone  
  40  3:54  Drone  
  43  3:59  Queen  
  43  4:02  Drone  
  46  4:10  Queen  
  46  4:15  Overlord  
  46  4:17  Zergling x6  
  51  4:19  Zergling x4  
  51  4:21  Drone  
  54  4:26  Drone  
  54  4:27  Overlord  
  55  4:34  Drone x2, Spore Crawler  
  55  4:35  Spore Crawler  
  55  4:38  Queen  
  55  4:41  Drone  
  55  4:42  Drone  
  60  4:45  Drone  
  60  4:46  Drone  
  60  4:48  Drone  
  60  4:52  Drone, Spore Crawler  
  62  4:57  Drone  
  62  4:58  Queen  
  65  5:03  Overlord  
  65  5:07  Zergling x4  
  65  5:09  Lair  
  65  5:14  Zergling x8  
  71  5:18  Zergling x6  
  71  5:20  Zergling x4  
  72  5:22  Overlord  
  72  5:24  Drone  
  72  5:25  Drone  
  72  5:28  Zergling x6  
  75  5:33  Zergling x2  
  76  5:36  Roach Warren  
  76  5:42  Zergling x2  
  76  5:43  Zergling x4  
  76  5:45  Queen  
  76  5:48  Zergling x4  
  74  5:51  Zergling x2  
  74  5:56  Drone  
  70  5:57  Queen  
  70  5:59  Drone  
  70  6:00  Drone  
  70  6:01  Drone x2  
  70  6:02  Drone  
  76  6:04  Drone  
  76  6:09  Drone  
  78  6:13  Drone  
  78  6:14  Drone  
  78  6:16  Glial Reconstitution  
  78  6:17  Hatchery  
  78  6:18  Extractor, Overlord  
  78  6:19  Evolution Chamber  
  78  6:24  Drone  
  78  6:25  Drone  
  79  6:27  Drone x2  
  79  6:29  Roach  
  83  6:34  Overlord  
  83  6:37  Roach x3  
  88  6:41  Drone  
  88  6:44  Zerg Missile Weapons Level 1  
  88  6:45  Drone x3, Extractor  
  91  6:47  Overlord x2, Extractor  
  91  6:51  Overlord  
  90  6:56  Drone  
  90  6:59  Roach x4  
  90  7:00  Drone  
  100  7:02  Overlord, Hatchery  
  100  7:04  Drone  
  100  7:06  Overlord  
  100  7:11  Roach x2  
  100  7:13  Drone  
  105  7:15  Overlord  
  105  7:17  Drone x2  
  105  7:18  Drone  
  105  7:19  Drone  
  109  7:22  Extractor  
  109  7:23  Overlord  
  109  7:24  Extractor  
  109  7:26  Drone  
  109  7:27  Drone x4  
  109  7:28  Drone x2  
  114  7:31  Evolution Chamber  
  114  7:35  Overlord  
  114  7:37  Roach x2  
  117  7:38  Drone  
  117  7:40  Drone  
  117  7:43  Overlord  
  118  7:47  Roach  
  118  7:48  Roach  
  118  7:49  Infestation Pit  
  119  7:53  Roach x2  
  119  7:56  Drone x3  
  119  7:58  Drone x5  
  129  7:59  Drone  
  129  8:01  Zerg Melee Weapons Level 1  
  129  8:02  Overlord  
  129  8:05  Drone x2  
  134  8:08  Roach  
  134  8:11  Zergling x4, Roach  
  140  8:17  Drone x2  
  142  8:22  Drone x3, Baneling Nest  
  142  8:24  Hatchery  
  142  8:26  Hive  
  142  8:27  Zergling x4  
  142  8:31  Zergling x6  
  142  8:32  Zergling x2  
  143  8:41  Drone x12  
  143  8:44  Zerg Missile Weapons Level 2  
  155  8:49  Drone x2  
  155  8:50  Drone  
  155  8:51  Overlord, Extractor  
  155  8:54  Ravager x3  
  160  8:59  Overseer, Spore Crawler  
  160  9:01  Queen x2  
  160  9:02  Spore Crawler, Overseer  
  162  9:03  Pneumatized Carapace  
  162  9:06  Spore Crawler  
  162  9:07  Queen, Spore Crawler  
  144  9:27  Zergling x24  
  142  9:32  Drone x5  
  142  9:36  Queen  
  142  9:37  Queen  
  147  9:41  Viper x3  
  147  9:42  Queen  
  147  9:44  Queen x2  
  154  9:52  Drone x6  
  155  9:57  Overlord  
  155  9:58  Drone x3  
  155  9:59  Drone  
  158  10:02  Spire, Drone  
  158  10:03  Drone x3  
  158  10:04  Drone x4  
  158  10:05  Spore Crawler  
  158  10:06  Zerg Melee Weapons Level 2  
  162  10:13  Drone x2, Spore Crawler  
  162  10:14  Spore Crawler  
  162  10:16  Zergling x18  
  162  10:19  Overlord  
  169  10:24  Adrenal Glands  
  169  10:25  Drone, Extractor  
  169  10:29  Centrifugal Hooks  
  169  10:30  Drone  
  169  10:31  Drone x4  
  169  10:32  Drone  
  174  10:38  Hatchery  
  172  10:47  Roach x4, Zergling x6  
  183  10:50  Drone x3  
  183  10:55  Extractor  
  185  10:59  Ravager x2  
  185  11:02  Spine Crawler  
  186  11:04  Hatchery, Spine Crawler  
  184  11:12  Zerg Flyer Weapons Level 1  
  184  11:13  Zerg Missile Weapons Level 3  
  184  11:20  Spore Crawler, Drone  
  184  11:21  Drone  
  184  11:22  Spore Crawler  
  183  11:34  Zergling x32  
  183  11:35  Spore Crawler  
  198  11:40  Overlord  
  198  11:46  Hatchery  
  198  11:49  Zergling x4  
  198  11:54  Zergling x10  
  199  12:00  Zergling x12  
  199  12:01  Zergling x8  
  200  12:06  Zergling x22  
  200  12:13  Overlord  
  182  12:20  Zergling x28  
  183  12:25  Zergling x12  
  183  12:28  Zerg Ground Armor Level 1  
  183  12:31  Queen  
  183  12:32  Roach x2, Zergling x6  
  192  12:39  Baneling  
  192  12:40  Baneling x5, Ravager x7  
  192  12:42  Roach  
  192  12:43  Roach  
  175  12:58  Zergling x2  
  175  12:59  Zergling x44  
  175  13:01  Corruptor x2  
  175  13:02  Corruptor x2  
  175  13:03  Corruptor  
  175  13:04  Corruptor  
  187  13:12  Zergling x12  
  189  13:17  Corruptor  
  191  13:20  Overseer  
  191  13:26  Baneling x11  
  191  13:33  Spore Crawler  
  190  13:34  Baneling  
  190  13:35  Baneling x2, Spore Crawler  
  190  13:36  Spine Crawler, Drone  
  190  13:37  Drone  
  190  13:39  Drone x4, Spine Crawler  
  190  13:41  Spine Crawler x3, Zergling x18  
  197  13:57  Baneling x12  
  185  14:08  Hatchery  
  185  14:09  Zergling x62  
  190  14:13  Zergling x8, Hatchery  
  188  14:19  Zergling x8  
  188  14:20  Zergling x2  
  181  14:26  Roach x3, Zergling x10  
  188  14:32  Roach x2, Zergling x2  
  188  14:33  Baneling x17  
  188  14:36  Roach, Zergling x10  
  200  14:39  Greater Spire  
  200  14:43  Baneling  
  200  14:44  Baneling x22  
  200  14:55  Overseer  
  198  15:01  Zergling x2  
  198  15:03  Overseer x4  
  198  15:25  Zergling x2  
  198  15:34  Zergling x12  
  198  15:35  Zergling x4  
Show
View Real Time Build Order
Export as new Build Order

HeroMarine Terran 

Build Orders: 2 Factory, Reaper Expand, Mech 

Get SALT Encoding   

  8  0:00  SCV  
  9  0:12  SCV  
  10  0:24  SCV  
  10  0:27  Supply Depot  
  11  0:36  SCV  
  12  0:48  SCV  
  13  0:54  Barracks  
  13  1:00  Refinery  
  13  1:05  SCV  
  14  1:17  SCV  
  15  1:30  SCV  
  16  1:42  Orbital Command, Reaper  
  17  2:07  SCV  
  18  2:12  Command Center  
  18  2:16  Marine  
  18  2:19  SCV  
  20  2:24  Supply Depot  
  20  2:31  SCV  
  20  2:37  Factory  
  21  2:41  Barracks Reactor  
  21  2:45  SCV  
  22  2:57  SCV  
  23  3:09  SCV  
  24  3:21  SCV, Factory  
  24  3:24  Orbital Command  
  24  3:26  Hellion x2  
  29  3:34  SCV  
  30  3:41  Supply Depot  
  30  3:42  Barracks Tech Lab  
  30  3:46  SCV  
  30  3:47  Hellion  
  30  3:48  Hellion  
  35  3:51  SCV  
  36  3:58  SCV  
  37  4:03  SCV  
  38  4:10  SCV  
  38  4:12  Cyclone  
  38  4:13  Hellion, Supply Depot  
  38  4:14  Hellion  
  38  4:15  SCV  
  47  4:22  SCV  
  48  4:27  SCV  
  48  4:29  Supply Depot  
  49  4:34  SCV  
  49  4:37  Hellion x2  
  54  4:39  SCV  
  54  4:44  Cyclone  
  58  4:51  SCV x2  
  60  4:53  Supply Depot  
  60  5:01  Hellion x2, Command Center  
  60  5:03  SCV x2  
  66  5:15  SCV x2  
  59  5:23  Hellion x2  
  59  5:25  Cyclone  
  59  5:27  Supply Depot, SCV  
  59  5:28  SCV  
  66  5:29  Supply Depot  
  66  5:33  Refinery  
  66  5:34  Refinery  
  66  5:38  Refinery  
  66  5:39  SCV  
  66  5:40  SCV  
  68  5:49  Hellion x2  
  64  5:51  SCV  
  64  5:52  SCV  
  57  5:58  Hellion  
  57  6:01  Infernal Pre-Igniter  
  57  6:03  SCV  
  61  6:04  SCV  
  61  6:08  Supply Depot  
  61  6:10  Hellion  
  61  6:11  Hellion  
  65  6:12  Starport  
  65  6:15  Orbital Command  
  65  6:16  SCV x2  
  67  6:20  Starport  
  67  6:23  Hellion  
  69  6:28  SCV x2  
  69  6:31  Starport  
  69  6:32  Hellion  
  73  6:37  Orbital Command  
  73  6:40  SCV x2  
  75  6:48  Hellion  
  75  6:51  Starport Tech Lab, Refinery  
  75  6:52  SCV x2  
  75  6:53  Hellion  
  83  6:56  Refinery  
  83  6:57  Cyclone  
  84  7:02  SCV  
  84  7:04  SCV x2  
  84  7:06  Starport Tech Lab  
  87  7:09  Banshee  
  87  7:13  Starport Tech Lab, Hellion  
  87  7:14  SCV  
  87  7:15  Hellion  
  94  7:16  SCV x2  
  95  7:26  SCV  
  95  7:28  SCV x2  
  96  7:31  Banshee x2  
  96  7:34  Hyperflight Rotors  
  102  7:39  SCV, Cloaking Field  
  102  7:41  Supply Depot  
  103  7:44  Supply Depot  
  103  7:48  SCV x2  
  103  7:50  Hellion x2  
  103  7:51  SCV  
  110  7:54  Factory  
  110  7:55  Banshee, Siege Tank  
  116  8:00  SCV x2  
  116  8:03  SCV  
  119  8:05  Mag-Field Accelerator  
  119  8:12  SCV x2  
  121  8:14  Banshee x2  
  121  8:19  Command Center  
  125  8:21  Engineering Bay  
  125  8:22  SCV  
  125  8:24  SCV  
  125  8:25  SCV, Supply Depot  
  128  8:28  Siege Tank  
  125  8:37  Hellion x2  
  125  8:38  Banshee  
  125  8:40  SCV  
  125  8:41  SCV x2  
  127  8:46  Factory Tech Lab  
  127  8:49  Armory  
  127  8:50  Factory x2  
  127  8:56  Sensor Tower, Missile Turret x2  
  127  9:00  Siege Tank  
  134  9:02  Hellion  
  134  9:03  Hellion  
  134  9:04  Banshee  
  134  9:06  Banshee  
  140  9:14  Siege Tank  
  143  9:20  SCV x3  
  142  9:24  Hellion  
  142  9:26  Hellion  
  142  9:28  Banshee  
  139  9:34  Command Center  
  139  9:36  Cyclone  
  139  9:37  Factory Tech Lab x2  
  139  9:41  SCV x2  
  139  9:42  SCV  
  142  9:48  Banshee  
  142  9:49  Supply Depot x2, Cyclone  
  142  9:50  Supply Depot  
  148  9:58  Cyclone  
  145  10:02  Hellion x2  
  149  10:07  Command Center  
  149  10:08  Terran Vehicle Weapons Level 1  
  149  10:10  Cyclone  
  149  10:12  Banshee  
  155  10:14  Cyclone  
  155  10:21  Cyclone  
  161  10:24  Hellion x2  
  165  10:31  Cyclone  
  165  10:32  Missile Turret  
  167  10:43  Hellion  
  167  10:45  Banshee x2  
  167  10:46  Cyclone  
  167  10:51  SCV  
  167  10:52  SCV x2  
  167  10:56  Cyclone  
  173  11:00  Refinery x2, Command Center  
  173  11:01  Hellion  
  173  11:02  Hellion  
  173  11:03  Command Center, Cyclone  
  181  11:09  Factory  
  181  11:10  Factory, SCV x2  
  182  11:12  Planetary Fortress  
  182  11:23  Cyclone  
  182  11:32  Armory  
  182  11:39  Missile Turret x2  
  182  11:40  Missile Turret  
  182  11:41  Missile Turret  
  180  11:47  Refinery, Missile Turret  
  180  11:48  SCV  
  180  11:49  SCV x2  
  180  11:50  Refinery  
  180  11:52  Cyclone  
  180  11:53  Cyclone  
  174  11:55  Cyclone x2  
  174  11:56  Hellion x2  
  174  12:00  SCV  
  173  12:01  SCV x2  
  173  12:02  Terran Vehicle And Ship Armor Level 1  
  170  12:13  SCV x2  
  170  12:14  SCV x3  
  162  12:25  SCV, Cyclone x2  
  162  12:26  Hellion x2  
  162  12:28  Cyclone x2  
  156  12:34  Planetary Fortress  
  156  12:35  SCV x2  
  158  12:37  SCV  
  159  12:47  SCV x2  
  159  12:49  SCV  
  162  12:53  Factory Reactor  
  162  12:56  Hellion  
  162  12:57  Cyclone x2  
  152  12:59  SCV x2  
  152  13:00  Cyclone  
  152  13:01  SCV  
  136  13:07  Planetary Fortress  
  131  13:12  Hellion  
  131  13:18  Factory Reactor  
  131  13:19  Hellion  
  133  13:20  Factory Tech Lab, Orbital Command  
  133  13:33  Cyclone x4, Terran Vehicle Weapons Level 2  
  142  13:43  Cyclone  
  142  13:45  Sensor Tower, Missile Turret  
  145  13:49  Hellion x2  
  145  13:50  Raven  
  145  13:51  Hellion  
  145  13:52  Hellion  
  146  14:05  Cyclone x2  
  146  14:07  Cyclone  
  146  14:08  Hellion  
  133  14:10  Hellion x2  
  133  14:11  SCV  
  133  14:13  SCV x2  
  133  14:14  SCV  
  132  14:18  Hellion  
  124  14:24  SCV x2  
  124  14:27  Cyclone  
  124  14:28  SCV  
  124  14:29  SCV  
  127  14:32  SCV  
  127  14:33  SCV  
  127  14:36  SCV  
  133  14:38  Siege Tank  
  133  14:42  SCV  
  133  14:44  SCV  
  138  14:46  SCV x3  
  138  14:52  Hellion x3  
  147  15:01  Hellion x2  
  147  15:05  Siege Tank x3  
  154  15:10  Cyclone  
  157  15:18  Hellion x3  
  158  15:23  Hellion  
  163  15:33  SCV x3  
  163  15:35  SCV  
Tags
 
Add a new tag
Caveats
  • Supply blocks, unpowered buildings, or Contaminate may cause inaccurate times.
  • Supply counts are checked every 10 seconds.